 Dungeon Crawl Stone Soup version 0.25-b1-29-g4cfa5c7bda (webtiles) character file.

Game seed: 2421326027188404549, levelgen mode: deterministic

23868 Delamore the Bludgeoner (level 13, -5/87 HPs)
             Began as a Gargoyle Fighter on June 3, 2020.
             Was the Champion of Okawaru.
             Shot with an arrow by Nessos (9 damage)
             ... on level 5 of the Lair of Beasts.
             The game lasted 00:27:37 (13570 turns).

Delamore the Bludgeoner (Gargoyle Fighter)         Turns: 13570, Time: 00:27:38

Health: -5/87      AC: 25    Str: 24    XL:     13   Next: 9%
Magic:  22/22      EV:  9    Int: 10    God:    Okawaru [******]
Gold:   851        SH:  6    Dex:  9    Spells: 12/12 levels left

rFire    . . .     SeeInvis .   D - +2 flail (vorpal)
rCold    + . .     Gourm    .   Q - +0 buckler
rNeg     + . .     Faith    .   G - +0 scale mail {MR+}
rPois    ∞         Spirit   .   B - +2 helmet
rElec    +         Reflect  .   s - +0 cloak
rCorr    .         Harm     .   h - +0 pair of gloves
MR       +....                  P - +2 pair of boots {run}
Stlth    ..........             q - amulet of regeneration
HPRegen  0.64/turn              e - ring of magical power
MPRegen  0.18/turn              j - ring of protection from cold

@: quick
A: negative energy resistance 1, electricity resistance, unbreathing,
petrification resistance, rot immunity, AC +9
a: Heroism, Finesse, Renounce Religion


You were on level 5 of the Lair of Beasts.
You worshipped Okawaru.
Okawaru was exalted by your worship.
You were not hungry.

You visited 3 branches of the dungeon, and saw 15 of its levels.

You collected 851 gold pieces.

Inventory:

Hand Weapons
 z - a +0 morningstar
 D - a +2 vorpal flail (weapon)
Missiles
 t - 5 silver javelins (quivered)
 M - 2 javelins
Armour
 c - a +0 kite shield
 h - a +0 pair of gloves (worn)
 s - a +0 cloak (worn)
 B - a +2 helmet (worn)
 G - a +0 scale mail of magic resistance (worn)
 P - a +2 pair of boots of running (worn)
 Q - a +0 buckler (worn)
Jewellery
 b - a +6 ring of dexterity
 e - a ring of magical power (left hand)
 j - a ring of protection from cold (right hand)
 p - a +6 ring of intelligence
 q - an amulet of regeneration (around neck)
Wands
 i - a wand of random effects (15)
 y - a wand of paralysis (4)
 K - a wand of iceblast (11)
 N - a wand of disintegration (14)
 R - a wand of flame (36)
 S - a wand of enslavement (6)
 T - a wand of polymorph (10)
Scrolls
 a - a scroll of acquirement {unknown}
 l - 4 scrolls of enchant weapon {unknown}
 m - 6 scrolls of teleportation
 u - 2 scrolls of magic mapping {unknown}
 v - 6 scrolls of remove curse
 C - 2 scrolls of amnesia {unknown}
 H - 2 scrolls of silence {unknown}
 I - a scroll of random uselessness {unknown}
 U - a scroll of fog {unknown}
 V - a scroll of identify
 W - 2 scrolls of blinking {unknown}
Potions
 d - 2 potions of might
 g - 3 potions of lignification {unknown}
 k - 6 potions of mutation
 n - a potion of resistance
 o - 3 potions of degeneration {unknown}
 r - 7 potions of curing {unknown}
 w - 3 potions of flight
 A - a potion of ambrosia
 E - 2 potions of heal wounds
 F - 4 potions of invisibility {unknown}
 J - 2 potions of cancellation {unknown}
 L - a potion of brilliance
 O - a potion of stabbing {unknown}
Miscellaneous
 X - a phantom mirror
Comestibles
 f - 23 rations


   Skills:
 + Level 12.6 Fighting
 - Level 16.0 Maces & Flails
 - Level 3.2 Armour
 * Level 9.2 Shields


You had 12 spell levels left.
You didn't know any spells.
Your spell library contained the following spells:

 Spells                   Type           Power        Failure   Level  Hunger
 Sandblast                Erth           #.....       67%         1    ##.....
 Passwall                 Tmut/Erth      #.......     80%         2    ###....
 Stone Arrow              Conj/Erth      #.....       95%         3    ####...
 Leda's Liquefaction      Hex/Erth       #.........   100%        4    #####..
 Petrify                  Tmut/Erth      #.......     100%        4    #####..
 Bolt of Magma            Conj/Fire/Erth #.........   100%        5    ######.
 Lee's Rapid Deconstruct  Erth           #.........   100%        5    ######.
 Iron Shot                Conj/Erth      #.........   100%        6    #######
 Shatter                  Erth           #.........   100%        9    #######
 Statue Form              Tmut/Erth      Unusable     N/A         6    N/A

Dungeon Overview and Level Annotations

Branches:
Dungeon (9/15)             Temple (1/1) D:5            Lair (5/6) D:9
  Swamp (0/4) Lair:4        Snake (0/4) Lair:4
  Slime: Lair:5-6       Orc: D:9-12

Altars:
Cheibriados
Dithmenos
Elyvilon
Fedhas
Gozag
Hepliaklqana
Nemelex Xobeh
Okawaru
Ru
Trog
Uskayaw
Vehumet
Wu Jian
Xom
Yredelemnul
Zin
The Shining One

Annotations:
D:8 exclusion: orange crystal statue
Lair:5 Nessos


Innate Abilities, Weirdness & Mutations

You are resistant to torment.
Your stone body is resilient. (AC +9)
You are immune to poison.
You resist negative energy. (rN+)
You are resistant to electric shocks. (rElec)
You can survive without breathing.
You are immune to petrification.
You are immune to rotting.


Message History

Nessos shoots an arrow.
The arrow hits you! The arrow burns you.
You see here 2 arrows.
Nessos blinks!
Nessos shoots an arrow.
The arrow barely misses you.
Nessos shoots an arrow.
The arrow hits you but does no damage.
You see here an arrow.
Nessos shoots an arrow.
You block the arrow.
Nessos shoots an arrow.
The arrow hits you! The arrow burns you.
* * * LOW HITPOINT WARNING * * *
You see here 3 arrows.
Nessos blinks!
Nessos shoots an arrow.
The arrow closely misses you.
You see here an arrow.
Nessos shoots an arrow.
The arrow barely misses you.
You see here an arrow.
Nessos shoots an arrow.
The arrow hits you!!
* * * LOW HITPOINT WARNING * * *
The arrow burns you.
* * * LOW HITPOINT WARNING * * *
You see here an arrow.
Nessos shoots an arrow.
The arrow hits you!
You die...

..##.......(...##.........
#.#......c....###.........
#.........(..###.........
##.........(..##..........
.........((...#...........
##...........###..........
#P.......(#### ###........
#........(# ######........
#####....@###....#........
###..#......#.##......
##...........#.#.#.....
##.............####.<...
#..............PP###....
##.............P.# #....
#.#............P.# ####
#.#######.##..PP## ###
#.########


You could see Nessos (fast).

Vanquished Creatures
  The ghost of Deesahac the Severer, a journeyman BaFi of Cheibriados (Lair:3)
  Harold (D:8)
  2 hydras
  A two-headed ogre (D:8)
  A lindwurm (Lair:4)
  The ghost of Delamore the Basher, a novice GrFi of Okawaru (D:7)
  2 elephants (Lair:3)
  4 black mambas
  A torpor snail (Lair:2)
  An ice statue (D:8)
  6 spiny frogs
  A rime drake (Lair:2)
  2 komodo dragons
  A troll (D:8)
  Prince Ribbit (D:8)
  14 blink frogs
  4 dream sheep
  5 hippogriffs
  A vampire (D:9)
  14 yaks
  3 basilisks (Lair:2)
  10 water moccasins
  10 porcupines
  2 ice beasts
  3 orc warriors
  5 sky beasts
  2 necrophages
  5 centaurs
  2 ogres
  6 crocodiles
  A big kobold (D:7)
  9 bullfrogs
  A gnoll sergeant (D:6)
  4 scorpions
  4 killer bees (D:8)
  3 electric eels (Lair:1)
  2 howler monkeys
  3 crimson imps (D:5)
  2 gnoll shamans (D:6)
  5 quasits
  A jelly (D:9)
  3 centaur skeletons
  6 orc priests
  5 hounds
  6 orc wizards
  A bullfrog skeleton (D:7)
  4 iguanas
  7 worker ants
  A worker ant zombie (D:7)
  35 gnolls (D:6)
  18 adders
  3 shadow imps
  2 oozes
  2 adder zombies
  4 adder skeletons
  A worm (D:3)
  A dart slug (D:2)
  3 leopard geckos
  41 orcs
  4 giant cockroaches
  4 goblins
  9 hobgoblins
  17 jackals
  17 kobolds
  3 quokkas
  2 ball pythons
  4 bats (D:1)
  2 frilled lizards
  11 rats
  2 plants
365 creatures vanquished.

Vanquished Creatures (others)
  4 fungi (Lair:4)
  9 plants
13 creatures vanquished.

Grand Total: 378 creatures vanquished

Notes
Turn   | Place    | Note
-------+----------+-------------------------------------------
     0 | D:1      | Delamore the Gargoyle Fighter began the quest for the Orb.
     0 | D:1      | Reached XP level 1. HP: 14/14 MP: 1/1
   135 | D:1      | Reached XP level 2. HP: 8/19 MP: 2/2
   428 | D:1      | Reached skill level 3 in Maces & Flails
   487 | D:1      | Reached XP level 3. HP: 23/23 MP: 3/3
   779 | D:2      | Found an iron altar of Okawaru.
   788 | D:2      | Became a worshipper of Warmaster Okawaru
   917 | D:2      | Found a sparkling altar of Nemelex Xobeh.
  1187 | D:2      | Reached skill level 4 in Maces & Flails
  1384 | D:2      | Found a radiant altar of Vehumet.
  1391 | D:2      | Reached XP level 4. HP: 28/28 MP: 4/4
  1946 | D:3      | Noticed a +0 dagger
  1947 | D:3      | Noticed a +0 hand axe
  1950 | D:3      | Found a hide-covered altar of Uskayaw.
  2245 | D:3      | Reached skill level 5 in Maces & Flails
  2512 | D:3      | Reached XP level 5. HP: 32/32 MP: 5/5
  2670 | D:3      | Found a white marble altar of Elyvilon.
  2673 | D:3      | Found a sacrificial altar of Ru.
  2676 | D:3      | Found a snail-covered altar of Cheibriados.
  2679 | D:3      | Found a hazy altar of Hepliaklqana.
  3260 | D:4      | Reached skill level 6 in Maces & Flails
  3269 | D:4      | Reached XP level 6. HP: 20/37 MP: 6/6
  3522 | D:5      | Entered Level 5 of the Dungeon
  3609 | D:5      | Reached * piety under Okawaru
  3651 | D:5      | Reached skill level 7 in Maces & Flails
  3692 | D:5      | Reached XP level 7. HP: 31/41 MP: 7/7
  3726 | D:5      | Found a staircase to the Ecumenical Temple.
  3755 | D:5      | Reached skill level 8 in Maces & Flails
  3841 | D:5      | Found a basalt altar of Yredelemnul.
  4304 | Temple   | Entered the Ecumenical Temple
  4480 | D:6      | Reached ** piety under Okawaru
  4480 | D:6      | Reached skill level 9 in Maces & Flails
  4480 | D:6      | Reached XP level 8. HP: 43/46 MP: 8/8
  4622 | D:6      | Reached skill level 10 in Maces & Flails
  5214 | D:6      | Reached skill level 11 in Maces & Flails
  5214 | D:6      | Reached *** piety under Okawaru
  5240 | D:6      | Reached XP level 9. HP: 21/51 MP: 9/9
  6047 | D:7      | Noticed Delamore's ghost (novice GrFi)
  6071 | D:7      | Reached skill level 12 in Maces & Flails
  6223 | D:7      | Reached **** piety under Okawaru
  6359 | D:7      | Found a blossoming altar of Fedhas.
  6456 | D:7      | Reached skill level 13 in Maces & Flails
  6516 | D:7      | Found a transporter.
  6543 | D:7      | Found a transporter.
  6924 | D:8      | Reached XP level 10. HP: 55/56 MP: 10/10
  7232 | D:8      | Noticed an orange crystal statue
  7295 | D:8      | Noticed Prince Ribbit
  7307 | D:8      | Killed Prince Ribbit
  7469 | D:8      | Noticed a two-headed ogre
  7535 | D:8      | Killed a two-headed ogre
  7535 | D:8      | Reached skill level 14 in Maces & Flails
  7597 | D:8      | Noticed an ice statue
  7630 | D:8      | Killed an ice statue
  7630 | D:8      | Reached ***** piety under Okawaru
  7788 | D:8      | Noticed Harold
  7826 | D:8      | Killed Harold
  7826 | D:8      | Reached skill level 15 in Maces & Flails
  8531 | D:9      | Reached XP level 11. HP: 39/60 MP: 11/11
  8849 | D:9      | Found a staircase to the Lair.
  9084 | D:7      | Received a gift from Okawaru
  9147 | D:7      | Killed Delamore's ghost
  9159 | D:7      | Reached skill level 16 in Maces & Flails
  9272 | Lair:1   | Entered Level 1 of the Lair of Beasts
  9393 | D:9      | Reached ****** piety under Okawaru
  9504 | D:9      | Reached skill level 5 in Fighting
  9898 | Lair:1   | HP: 3/64 [black mamba (11)]
 10272 | Lair:2   | Received a gift from Okawaru
 10281 | Lair:2   | Identified a +2 pair of boots of running (Okawaru gifted it
                  | to you on level 2 of the Lair of Beasts)
 10691 | Lair:2   | Found a sparkling altar of Nemelex Xobeh.
 10965 | Lair:1   | Reached XP level 12. HP: 66/77 MP: 12/12
 11032 | Lair:2   | Reached skill level 10 in Fighting
 11635 | Lair:3   | Found an iron altar of Okawaru.
 11815 | Lair:3   | Noticed an eight-headed hydra
 11829 | Lair:3   | Killed an eight-headed hydra
 11829 | Lair:3   | Reached skill level 5 in Shields
 12086 | Lair:3   | Found a runed translucent gate.
 12092 | Lair:3   | Found a runed translucent gate.
 12140 | Lair:3   | Found a runed translucent gate.
 12141 | Lair:3   | Noticed Deesahac's ghost (journeyman BaFi)
 12282 | Lair:3   | Killed Deesahac's ghost
 12282 | Lair:3   | Received a gift from Okawaru
 12616 | Lair:4   | Found a staircase to the Snake Pit.
 12851 | Lair:4   | Found a staircase to the Swamp.
 12932 | Lair:4   | Noticed an eight-headed hydra
 12941 | Lair:4   | Killed an eight-headed hydra
 12941 | Lair:4   | Reached XP level 13. HP: 52/87 MP: 13/13
 13553 | Lair:5   | Noticed Nessos
 13569 | Lair:5   | HP: 3/87 [Nessos/arrow (3)]
 13570 | Lair:5   | Shot with an arrow by Nessos

Illustrated notes

Levels and vault maps discovered:
D:1:      lightli_arrival_isolated_outpost, layout_rooms
D:2:      layout_basic, overflow_temple_1_default,
          nemelex_xobeh_ov_fountains_minmay, okawaru_ov_weapons_minmay,
          serial_curves, eino_curves_04, eino_curves_04, eino_curves_03,
          eino_curves_02, corexii_hall_statues_t
D:3:      layout_loops_ring, dancing_weapons_uskayaw,
          grunt_temple_overflow_cloverleaf, first_ration
D:4:      layout_basic, guppyfry_early_lair_pool
D:5:      layout_gridville, minmay_temple_entry_glass, lemuel_tele_altar
D:6:      lemuel_castle_with_subvaults [lemuel_castle_interior_carwin_3],
          layout_loops_ring
D:7:      layout_loops_ring, gammafunk_ghost_stat_death,
          fedhas_bush_and_centaur_altar
D:8:      minmay_separated_statues, layout_loops_corners, uniq_prince_ribbit1,
          uniq_harold
D:9:      layout_cave_pools, david_lair_shrubbed
Temple:   dpeg_chambers_temple
Lair:1:   layout_big_grid, serial_bayou, serial_bayou_pond_b,
          serial_bayou_pond_e, serial_bayou_crossing, serial_bayou_shore_b,
          nicolae_quartered_pool_little, infiniplex_staircase_pool,
          serial_bayou_shore_b
Lair:2:   layout_cave_pods, basic_altar, grunt_megastairs_5
Lair:3:   wad_woods_stonehenge, layout_loops_ring, ebering_ghost_rock_garden,
          uniq_urug
Lair:4:   layout_roguey, swamp_mist_pool, minmay_snake_entry_six_corridors
Lair:5:   layout_cave_pods, dpeg_slime_entry_enclosed_altar, patterned_corridor,
          uniq_nessos

Skill      XL: |  1  2  3  4  5  6  7  8  9 10 11 12 13 |
---------------+----------------------------------------+-----
Maces & Flails | 3 4 5 6 7 9 11 13 15 16 | 16.0
Fighting       | 9 12 | 12.6
Shields        | 8 9 |  9.2
Armour         | |  3.2

Action                   |  1- 3 |  4- 6 |  7- 9 | 10-12 | 13-15 || total
-------------------------+-------+-------+-------+-------+-------++-------
Melee: Flail             |   118 |   201 |   635 |   856 |    52 ||  1862
Throw: Javelin           |       |     2 |    20 |    23 |       ||    45
Invok: Heroism           |       |       |       |     2 |       ||     2
Evoke: Wand              |       |       |       |     1 |       ||     1
  Use: Scroll            |       |     2 |     3 |     4 |       ||     9
       Potion            |       |       |       |     2 |       ||     2
  Eat: Chunk             |     2 |     7 |     9 |    19 |     2 ||    39
       Ration            |       |       |     1 |       |       ||     1
Armor: Scale mail        |    76 |   141 |   390 |   547 |    29 ||  1183
       Ring mail         |       |       |       |    11 |       ||    11
Dodge: Dodged            |    64 |    75 |   186 |   299 |    24 ||   648
Block: Kite shield       |    82 |   119 |   328 |   337 |       ||   866
       Buckler           |       |       |       |    48 |     7 ||    55
